 Dungeon Crawl Stone Soup version 0.31.0-9-g3a7656b989 (webtiles) character file.

Game seed: 18052529799228501720

92 qw the Shooter (level 4, -5/22 HPs)
             Began as a Spriggan Hunter on Feb 2, 2024.
             Slain by a gnoll
             ... wielding a +0 spear
              (7 damage)
             ... on level 2 of the Dungeon.
             The game lasted 00:00:05 (1036 turns).

qw the Shooter (Spriggan Hunter)                    Turns: 1036, Time: 00:00:05

Health: -5/22      AC:  2    Str:  7    XL:     4   Next: 35%
Magic:  5/5        EV: 20    Int: 10    God:
Gold:   126        SH:  0    Dex: 20    Spells: 3/3 levels left

rFire   . . .        a - +0 shortbow
rCold   . . .        (shield currently unavailable)
rNeg    . . .        c - +0 robe
rPois   .            (helmet restricted)
rElec   .            (no cloak)
rCorr   .            (gloves unavailable)
SInv    +            (boots unavailable)
Will    .....        (no amulet)
Stlth   ++           (no ring)
HPRegen 0.23/turn    (no ring)
MPRegen 0.09/turn

%: no passive effects
@: lethally poisoned (-5 -> -6), about to teleport, very quick
A: very small, no large weapons, unfitting armour, see invisible, speed 3
a: no special abilities


You were on level 2 of the Dungeon.
You visited 1 branch of the dungeon, and saw 2 of its levels.

You collected 126 gold pieces.


Innate Abilities, Weirdness & Mutations

You are very small and have problems with some larger weapons.
You are too small for most types of armour.
You have supernaturally acute eyesight. (SInv)
You cover ground extremely quickly. (Speed+++)


   Skills:
 - Level 1.5 Fighting
 - Level 5.0 Ranged Weapons
 + Level 4.8 Dodging
 - Level 1.5 Stealth


You had 3 spell levels left.
You didn't know any spells.
Your spell library was empty.

Inventory:

Hand Weapons
 a - a +0 shortbow (weapon)
Armour
 c - a +0 robe (worn)
Scrolls
 b - a scroll of identify
 d - a scroll of summoning {unknown}
Potions
 f - a potion of degeneration {unknown}
 g - a potion of mutation {unknown}
 h - a potion of curing {unknown}
 i - a potion of resistance {unknown}
 k - a potion of might

Dungeon Overview and Level Annotations

Branches:
Dungeon (2/15)

Altars:


Message History

The gnoll closely misses you.
You shoot an arrow. The arrow hits the gnoll!
The gnoll is heavily wounded.
The gnoll barely misses you.
You shoot an arrow. The arrow barely misses the gnoll.
The gnoll misses you.
You shoot an arrow. The arrow barely misses the gnoll.
A gnoll comes into view. It is wielding a +0 spear.
The gnoll hits you with a +2 whip of venom!
You are poisoned.
The gnoll barely misses you.
You shoot an arrow. The gnoll shouts!
The arrow hits the gnoll but does no damage.
The gnoll is heavily wounded.
You feel very sick.
You hear an angry hiss.
The gnoll misses you.
You shoot an arrow. The arrow barely misses the gnoll.
You feel very sick. The gnoll misses you.
You shoot an arrow. The arrow barely misses the gnoll.
You feel sick. The gnoll misses you.
You shoot an arrow. The arrow hits the gnoll!
You kill the gnoll!
You feel sick.
An adder comes into view.
1034 ||| READING scroll of teleportation.
As you read the scroll of teleportation, it crumbles to dust.
You feel strangely unstable.
You feel sick. The gnoll misses you.
You shoot an arrow. The adder hisses angrily.
The arrow hits the gnoll!
The gnoll is severely wounded.
You feel sick. The gnoll closely misses you.
You shoot an arrow. The arrow closely misses the gnoll.
You feel sick.
The gnoll hits you from afar with a +0 spear!
You die...

#.# ##.......# #.# ##)...%...##
#.# ..........# ######.#
#.........# ...%...##
#.........#
######..#############..).)....#
#.........................
#...#########g.....[..##
#.#........@$.S.......#
#.#....######.......?.#
#.#....# #.........# #.#....#
#.........# #.#....#
#.........# #.#....#
#.........## ######
#..........## #...........#
#.........#..#


You could see a gnoll and an adder.

Vanquished Creatures
  3 gnolls (D:2)
  An adder (D:2)
  4 ball pythons
  2 endoplasms (D:1)
  2 giant cockroaches (D:1)
  5 goblins
  4 hobgoblins
  4 jackals (D:1)
  2 kobolds (D:1)
  4 quokkas
  9 bats
  4 frilled lizards (D:1)
  4 rats
48 creatures vanquished.

Notes
Turn   | Place    | Note
-------+----------+-------------------------------------------
     0 | D:1      | qw the Spriggan Hunter began the quest for the Orb.
     0 | D:1      | Reached XP level 1. HP: 10/10 MP: 2/2
     0 | D:1      | 0 ||| qw: Version: 0.3-a-155-g5e7d8dd
     0 | D:1      | 0 ||| qw: Game counter: 1922
     0 | D:1      | 0 ||| qw: Melee chars always use a shield: true
     0 | D:1      | 0 ||| qw: God list: Okawaru
     0 | D:1      | 0 ||| qw: Allow faded altars: false
     0 | D:1      | 0 ||| qw: Do Orc after clearing Dungeon:15 true
     0 | D:1      | 0 ||| qw: Do second Lair branch before Depths: true
     0 | D:1      | 0 ||| qw: Lair rune preference: random
     0 | D:1      | 0 ||| qw: Goals: Normal
     0 | D:1      | 0 ||| PLANNING D:1-11
    78 | D:1      | Reached skill level 3 in Dodging
   125 | D:1      | Reached XP level 2. HP: 14/14 MP: 3/3
   364 | D:1      | Reached XP level 3. HP: 18/18 MP: 4/4
   761 | D:1      | 761 ||| READING 2 scrolls labelled VIGAYX BUWK.
   761 | D:1      | 761 ||| IDENTIFYING lumpy silvery potion
   762 | D:1      | 762 ||| READING scroll of identify.
   762 | D:1      | 762 ||| IDENTIFYING blue potion
   763 | D:1      | 763 ||| READING scroll labelled ELEOSS WUCOMP.
   764 | D:1      | 764 ||| READING scroll labelled IWU XAOFIUZ.
   769 | D:1      | 769 ||| DRINKING 2 bubbling silvery potions.
   770 | D:1      | 770 ||| DROPPING scroll of butterflies.
   771 | D:1      | 771 ||| DROPPING potion of ambrosia.
   772 | D:1      | 772 ||| DROPPING potion of invisibility.
  1001 | D:2      | Reached skill level 5 in Ranged Weapons
  1002 | D:2      | 1002 ||| FLEEEEING.
  1002 | D:2      | Identified the +4 buckler "Zapheid" {Fly Stlth+}
  1003 | D:2      | 1003 ||| FLEEEEING.
  1004 | D:2      | 1004 ||| FLEEEEING.
  1005 | D:2      | 1005 ||| FLEEEEING.
  1012 | D:2      | 1012 ||| RETREEEEATING.
  1013 | D:2      | 1013 ||| RETREEEEATING.
  1014 | D:2      | 1014 ||| RETREEEEATING.
  1015 | D:2      | 1015 ||| RETREEEEATING.
  1016 | D:2      | 1016 ||| RETREEEEATING.
  1022 | D:2      | Reached XP level 4. HP: 22/22 MP: 5/5
  1033 | D:2      | HP: 5/22 [poisoned by a gnoll]
  1034 | D:2      | 1034 ||| READING scroll of teleportation.
  1036 | D:2      | HP: 2/22 [poisoned by a gnoll]
  1036 | D:2      | Slain by a gnoll

Levels and vault maps discovered:
D:1:      lightli_arrival_farm, layout_basic
D:2:      minmay_chambers_of_twos, layout_basic, basic_altar, minivault_11,
          uniq_natasha

Skill      XL: |  1  2  3 |
---------------+----------+-----
Dodging        | 3 4 |  4.8
Ranged Weapons | 5 |  5.0
Fighting       | |  1.5
Stealth        | |  1.5

Action                     |  1- 3 |  4- 6 || total
---------------------------+-------+-------++-------
   Fire: Shortbow          |   117 |    14 ||   131
    Use: Scroll            |     4 |     1 ||     5
         Potion            |     1 |       ||     1
 Armour: Robe              |    14 |     3 ||    17
  Dodge: Dodged            |    69 |    12 ||    81

Table legend:
 A = Non-vault XP
 B = Vault XP
 C = Vault XP percentage of total XP
 D = Non-vault monster count
 E = Vault monster count
 F = Vault count percentage of total count
                 A         B        C        D         E       F
            +---------+---------+-------+---------+---------+-------
      Total |     132 |       0 |   0.0 |      48 |       0 |   0.0
            +---------+---------+-------+---------+---------+-------
        D:1 |      62 |       0 |   0.0 |      37 |       0 |   0.0
        D:2 |      70 |       0 |   0.0 |      11 |       0 |   0.0
            +---------+---------+-------+---------+---------+-------
